 Dungeon Crawl Stone Soup version 0.31-a0-1-g4198be8af4 (webtiles) character file.

Game seed: 16732031311806549751

101085 qeuew the Tortoise (level 15, -1/122 HPs)
             Began as a Minotaur Fighter on May 2, 2023.
             Was an Initiate of Gozag.
             Splashed by a goliath frog's acid (9 damage)
             ... on level 4 of the Swamp.
             The game lasted 00:32:04 (18315 turns).

qeuew the Tortoise (Minotaur Fighter)              Turns: 18315, Time: 00:32:05

Health: -1/122     AC: 15    Str: 34    XL:     15   Next: 82%
Magic:  14/14      EV: 14    Int:  8    God:    Gozag
Gold:   4103       SH:  0    Dex: 15    Spells: 14/14 levels left

rFire   . . .        a - +7 glaive of Ru's Whim {protect, Will+ Str+3}
rCold   + + .        (shield currently unavailable)
rNeg    + . .        t - +0 plate armour of Leapfrog {rC+ rN+ Dex-4 Slay+4}
rPois   .            (helmet restricted)
rElec   .            (no cloak)
rCorr   .            p - +0 pair of gloves of Hedge Wizardry {*Slow Str+3 Int+4}
SInv    .            (no boots)
Will    ++...        m - amulet of regeneration
Stlth   x              - +6 ring of dexterity
HPRegen 1.20/turn    D - ring of flight
MPRegen 0.14/turn

%: slow self (1%), clarity
@: corroded, under a protective aura, flying, studying Ice Magic
A: horns 2, retaliatory headbutt, clarity, cold resistance 1, frail 1, strong 1
a: Renounce Religion, Potion Petition, Call Merchant, Bribe Branch


You were on level 4 of the Swamp.
You worshipped Gozag.
Gozag was most pleased with you.
You visited 6 branches of the dungeon, and saw 23 of its levels.
You visited 1 bazaar.
You also visited: Ice Cave.

You collected 7032 gold pieces.
You spent 1801 gold pieces at shops.
You paid 1128 gold pieces to Gozag.

Inventory:

Hand Weapons
 a - the +7 glaive of Ru's Whim (weapon) {protect, Will+ Str+3}
   (You bought it in a shop on level 2 of the Dungeon)

   Str:       It affects your strength (+3).
   Will:      It increases your willpower.
Missiles
 j - 4 throwing nets
Armour
 p - the +0 pair of gloves of Hedge Wizardry (worn) {*Slow Str+3 Int+4}
   (You found it on level 5 of the Lair of Beasts)

   Str:       It affects your strength (+3).
   Int:       It affects your intelligence (+4).
   *Slow:     It may slow you when you take damage.
 t - the +0 plate armour of Leapfrog (worn) {rC+ rN+ Dex-4 Slay+4}
   (You found it on level 3 of the Lair of Beasts)

   Dex:       It affects your dexterity (-4).
   Slay:      It affects your accuracy & damage with ranged weapons and melee
   (+4).
   rC:        It protects you from cold.
   rN:        It protects you from negative energy.
Jewellery
 k - a +4 ring of protection
 m - an amulet of regeneration (around neck)
 x - a +6 ring of dexterity (left hand)
 B - the ring of the Jackalope {Str-2 Slay+3 SInv Stlth+}
   (You found it on level 3 of the Swamp)

   [ring of see invisible]

   Str:       It affects your strength (-2).
   Slay:      It affects your accuracy & damage with ranged weapons and melee
   (+3).
   SInv:      It lets you see invisible.
   Stlth:     It makes you more stealthy.
 D - a ring of flight (right hand)
Wands
 c - a wand of flame (40)
 i - a wand of mindburst (5)
 o - a wand of iceblast (34) (quivered)
 E - a wand of polymorph (1)
 F - a wand of light (6)
Scrolls
 e - a scroll of enchant armour
 f - 9 scrolls of teleportation
 s - 4 scrolls of identify
 y - 3 scrolls of magic mapping
 z - a scroll of amnesia
 C - a scroll of silence
Potions
 b - a potion of haste
 d - 5 potions of might
 h - 2 potions of brilliance
 l - 7 potions of curing
 n - 2 potions of magic
 q - a potion of invisibility
 r - 2 potions of ambrosia
 v - a potion of mutation
 w - 2 potions of cancellation
 A - a potion of resistance


   Skills:
 + Level 13.6 Fighting
 - Level 4.5(12.6) Axes
 * Level 18.0(18.3) Polearms
 * Level 18.4 Armour
 + Level 12.1 Dodging
 - Level 5.2 Shields
 + Level 9.7 Evocations


You had 14 spell levels left.
You didn't know any spells.
Your spell library contained the following spells:

 Spells                   Type           Power      Damage    Failure   Level
 Beastly Appendage        Tmut           0%         N/A       86%         1
 Magic Dart               Conj           0%         1d3       86%         1
 Shock                    Conj/Air       0%         1d3       86%         1
 Sting                    Tmut/Pois      0%         1d3       86%         1
 Summon Small Mammal      Summ           0%         N/A       86%         1
 Cigotuvi's Dreadful Rot  Necr/Pois/Air  0%         N/A       94%         2
 Ensorcelled Hibernation  Hex/Ice        0%         N/A       94%         2
 Lesser Beckoning         Tloc           0%         N/A       94%         2
 Passwall                 Tmut/Erth      0%         N/A       94%         2
 Poisonous Vapours        Pois/Air       0%         N/A       94%         2
 Searing Ray              Conj           0%         2d4       94%         2
 Wereblood                Tmut           0%         N/A       94%         2
 Call Canine Familiar     Summ           0%         N/A       99%         3
 Gell's Gravitas          Tloc           0%         N/A       99%         3
 Spider Form              Tmut/Pois      0%         N/A       99%         3
 Summon Guardian Golem    Hex/Summ       0%         N/A       99%         3
 Swiftness                Air            0%         N/A       99%         3
 Teleport Other           Tloc           0%         N/A       99%         3
 Vhi's Electric Charge    Tloc/Air       0%         N/A       99%         3
 Airstrike                Air            0%         2d(0-16)  100%        4
 Dispel Undead            Necr           0%         3d6       100%        4
 Fulminant Prism          Conj/Hex       0%         3d5       100%        4
 Olgreb's Toxic Radiance  Pois           0%         N/A       100%        4
 Arcjolt                  Conj/Air       0%         1d10      100%        5
 Death Channel            Necr           0%         N/A       100%        6
 Maxwell's Capacitive Co  Air            0%         ∞         100%        8


Dungeon Overview and Level Annotations

Branches:
Dungeon (10/15)            Temple (1/1) D:6            Lair (5/5) D:10
  Swamp (4/4) Lair:3       Spider (1/4) Lair:2        Slime (0/5) Lair:4
    Orc (2/2) D:9             Elf (0/3) Orc:2         IceCv (visited)

Altars:
Ashenzari
Cheibriados
Dithmenos
Elyvilon
Fedhas
Gozag
Hepliaklqana
Kikubaaqudgha
Makhleb
Nemelex Xobeh
Okawaru
Qazlal
Ru
Sif Muna
Trog
Uskayaw
Vehumet
Wu Jian
Xom
Yredelemnul
Zin
The Shining One

Shops:
D:2 (   D:7 [   Orc:2 *(:[

Annotations:
D:10 3 runed translucent doors, sircluck's ghost, journeyman MiFi
Swamp:4 Roxanne


Innate Abilities, Weirdness & Mutations

You have a pair of horns on your head.
You reflexively headbutt those who attack you in melee.
You possess an exceptional clarity of mind.
Your flesh is cold resistant. (rC+)
You are frail. (-10% HP)
Your muscles are strong. (Str +4, Int/Dex -1)


Message History

Your surroundings suddenly seem different.
You feel sick.
The foxfire moves out of view.
Unknown command.
Roxanne, Geomancer Emeritus comes into view.
You feel sick.
Marking area around Roxanne as unsafe for travelling.
You feel sick.
You are no longer poisoned.
You start resting.
A goliath frog is nearby! [a] - 756 gold - resistance, might, haste and brilliance [b] - 650 gold - heal wounds, curing, magic and haste [c] - 200 gold - heal wounds and curing Purchase which effect?
You feel much better.
You feel better. The goliath frog hits you from afar.
You are splashed with acid!
You are too injured to fight recklessly!
You are too injured to fight recklessly!
You are too injured to fight recklessly!
You are too injured to fight recklessly!
You are too injured to fight recklessly!
You are too injured to fight recklessly!
You are too injured to fight recklessly!
The goliath frog hits you! The acid corrodes you!
You are splashed with acid!
You hit the goliath frog.
Your weapon exudes an aura of protection.
The goliath frog is lightly wounded.
The goliath frog hits you!
* * * LOW HITPOINT WARNING * * *
You are splashed with acid!
* * * LOW HITPOINT WARNING * * *
As you read the scroll of summoning, it crumbles to dust.
Wisps of shadow whirl around you...
The goliath frog hits you but does no damage.
Unknown command.
The goliath frog barely misses you. The goliath frog hits you from afar!
* * * LOW HITPOINT WARNING * * *
You are splashed with acid!
You die...
Your body crumbles into a pile of gold.

~~~~.~♣.....♣.~§...~......
~~~~~~.♣......§~~...~~...♣.
~~~~~.♣♣♣.~~~.~~~§~~~.....♣
~.~~~♣♣ ♣~~~~...~~~~~~~...♣
~~~~♣♣ ♣.~~~.~~~~..~.§§..♣
..♣♣♣ .~~.v~D~..~.~~..§.
~.♣ ~.~♣~~~..~~...~...
~.♣♣♣♣♣♣♣♣ ♣♣.F~~..~♣♣♣♣♣~
~.♣♣~....♣♣♣~.~~@...~.♣
.~~~~~~~.♣♣~.....D♣~§..~♣
~~~~~~~~.♣~.~~♣♣♣♣♣.~~.♣...
~...[.§.♣♣♣♣.~ ♣.~~~♣ .8
.~~~.~~♣♣ ~..~ ♣♣♣♣.♣
.♣♣♣♣♣♣♣ ♣.~. ♣♣ ~♣ ♣..~ $
.♣ ♣♣


You could see a goliath frog (ally target), a friendly four-headed hydra
(summoned), a friendly swamp dragon (summoned) and a friendly will-o-the-wisp
(summoned).

Vanquished Creatures
  Rupert (Lair:3)
  Frances (Swamp:2)
  A thorn hunter (Lair:3)
  Gastronok (D:8)
  A fenstrider witch (Swamp:4)
  An orc warlord (Orc:2)
  The ghost of qeuew the Tortoise, a journeyman GrFi of Trog (Spider:1)
  Nessos (Orc:2)
  2 eleionomae
  5 bunyips
  A fire dragon (Lair:5)
  Josephine (Lair:3)
  Fannar (Lair:3)
  2 ghost crabs
  9 hydras
  2 ironbound frosthearts (IceCv)
  3 boulder beetles
  6 alligators
  15 death yaks
  2 two-headed ogres (D:10)
  3 orc high priests
  2 goliath frogs (Swamp:1)
  A skyshark (Lair:4)
  A spriggan druid (Swamp:2)
  5 orc knights (Orc:2)
  3 bog bodies
  Pikel (D:9)
  A lindwurm (Lair:5)
  A manticore (D:8)
  2 orc sorcerers
  3 will-o-the-wisps
  An ice statue (IceCv)
  5 black mambas
  3 molten gargoyles (Lair:5)
  5 elephants (Lair:2)
  7 cane toads
  7 rime drakes
  9 komodo dragons
  A kobold demonologist (D:10)
  2 ice devils (Lair:4)
  8 tyrant leeches
  8 trolls
  5 hornets
  A bloated husk (Swamp:3)
  2 tarantellas
  12 polar bears
  Prince Ribbit (D:7)
  4 dream sheep (Lair:5)
  17 blink frogs
  6 spriggans
  15 wyverns
  5 basilisks
  57 yaks
  4 wraiths
  4 redbacks (Spider:1)
  3 steam dragons
  9 vampire mosquitoes
  9 swamp worms
  3 wargs
  4 hell hounds (Lair:5)
  A swamp drake (Swamp:1)
  2 ice beasts
  21 water moccasins
  26 orc warriors
  6 black bears
  11 ogres
  37 wolves
  2 centaurs
  3 kobold brigands
  3 phantoms
  A gnoll sergeant (D:9)
  2 scorpions
  12 bullfrogs
  3 wights (D:9)
  14 killer bees
  3 howler monkeys
  5 lava snakes (Lair:5)
  A jelly (D:5)
  12 orc priests
  3 hounds
  5 iguanas
  2 sleepcaps (D:5)
  Natasha (D:3)
  16 orc wizards
  4 hell rats (Lair:3)
  11 gnolls
  3 adders
  A shadow imp (D:7)
  2 white imps
  An ufetubus (D:6)
  4 worms
  7 dart slugs
  75 orcs
  3 bats
  3 endoplasms
  2 giant cockroaches
  6 goblins
  7 hobgoblins
  8 jackals
  14 kobolds
  A quokka (D:2)
  5 ball pythons
  4 frilled lizards
  A rat (D:1)
651 creatures vanquished.

Vanquished Creatures (others)
  An orc high priest (Orc:2)
  A spriggan (Swamp:1)
  5 bloated husks
  A hornet (Swamp:1)
  12 foxfires
  33 fungi
  22 plants
  A withered plant (Spider:1)
76 creatures vanquished.

Grand Total: 727 creatures vanquished

Notes
Turn   | Place    | Note
-------+----------+-------------------------------------------
     0 | D:1      | qeuew the Minotaur Fighter began the quest for the Orb.
     0 | D:1      | Reached XP level 1. HP: 19/19 MP: 0/0
   146 | D:1      | Reached XP level 2. HP: 27/27 MP: 1/1
   872 | D:2      | Found Ditz's Weapon Shop.
   985 | D:2      | Reached XP level 3. HP: 33/33 MP: 2/2
  1252 | D:2      | Reached skill level 1 in Polearms
  1377 | D:3      | Found a hazy altar of Hepliaklqana.
  1394 | D:3      | Noticed Natasha
  1402 | D:3      | Killed Natasha
  1403 | D:3      | Reached skill level 1 in Dodging
  1403 | D:3      | Reached XP level 4. HP: 36/40 MP: 3/3
  1557 | D:3      | Noticed an ice beast
  1571 | D:3      | Killed an ice beast
  1572 | D:3      | Reached XP level 5. HP: 19/46 MP: 4/4
  1742 | D:3      | Reached skill level 5 in Armour
  1752 | D:3      | Found a faded altar of an unknown god.
  2194 | D:4      | Noticed a phantom
  2206 | D:4      | Killed a phantom
  2207 | D:4      | Reached XP level 6. HP: 51/53 MP: 5/5
  2765 | D:5      | Entered Level 5 of the Dungeon
  2950 | D:5      | Reached XP level 7. HP: 60/60 MP: 6/6
  3051 | D:5      | Reached skill level 5 in Shields
  3300 | D:5      | Reached skill level 5 in Fighting
  3306 | D:5      | Found a hide-covered altar of Uskayaw.
  3521 | D:5      | Reached skill level 5 in Polearms
  3796 | D:6      | Reached XP level 8. HP: 66/68 MP: 7/7
  4031 | D:6      | Found a staircase to the Ecumenical Temple.
  4116 | Temple   | Entered the Ecumenical Temple
  4426 | D:6      | Reached skill level 1 in Evocations
  4443 | D:6      | Noticed a hornet
  4455 | D:6      | Killed a hornet
  4587 | D:7      | Found Nakop's Antique Armour Shop.
  4658 | D:7      | Reached XP level 9. HP: 55/75 MP: 8/8
  4786 | D:7      | Found a snail-covered altar of Cheibriados.
  4834 | D:7      | Found a glowing golden altar of the Shining One.
  4834 | D:7      | Found a sparkling altar of Nemelex Xobeh.
  4841 | D:7      | Found an iron altar of Okawaru.
  4843 | D:7      | Found a shimmering blue altar of Sif Muna.
  4845 | D:7      | Found a broken altar of Ashenzari.
  5109 | D:7      | Noticed Prince Ribbit
  5118 | D:7      | Killed Prince Ribbit
  5277 | D:7      | Gained mutation: Your flesh is cold resistant. (rC+)
                  | [potion of mutation]
  5277 | D:7      | Gained mutation: You possess an exceptional clarity of
                  | mind. [potion of mutation]
  5277 | D:7      | Gained mutation: You are frail. (-10% HP) [potion of
                  | mutation]
  5277 | D:7      | Gained mutation: Your muscles are strong. (Str +4, Int/Dex
                  | -1) [potion of mutation]
  5314 | D:7      | Reached skill level 5 in Dodging
  5423 | D:8      | Noticed a manticore
  5432 | D:8      | Killed a manticore
  5476 | D:8      | Found an opulent altar of Gozag.
  5487 | D:8      | Became a worshipper of Gozag Ym Sagoz the Greedy
  5504 | D:8      | Reached XP level 10. HP: 73/77 MP: 9/9
  5566 | D:8      | Reached skill level 10 in Armour
  5636 | D:8      | Noticed Gastronok
  5664 | D:8      | Killed Gastronok
  6269 | D:9      | Found a sacrificial altar of Ru.
  6309 | D:9      | Found a staircase to the Orcish Mines.
  6359 | D:9      | Noticed Pikel
  6369 | D:9      | Killed Pikel
  6370 | D:9      | Reached skill level 10 in Polearms
  6739 | D:10     | Entered Level 10 of the Dungeon
  6841 | D:10     | Noticed a two-headed ogre
  6842 | D:10     | Found a bloodstained altar of Trog.
  6850 | D:10     | Killed a two-headed ogre
  6851 | D:10     | Reached XP level 11. HP: 73/85 MP: 10/10
  7012 | D:2      | Bought the +7 glaive of Ru's Whim {protect, Will+ Str+3}
                  | for 863 gold pieces
  7200 | D:10     | Noticed a soul eater
  7276 | D:10     | Found a runed translucent gate.
  7278 | D:10     | Found a runed translucent gate.
  7281 | D:10     | Found a runed translucent gate.
  7282 | D:10     | Noticed a nine-headed hydra
  7313 | D:10     | Reached skill level 5 in Evocations
  7318 | D:10     | Found a staircase to the Lair.
  7530 | D:10     | Noticed a ten-headed hydra
  7530 | D:10     | Noticed sircluck's ghost (journeyman MiFi)
  7783 | D:10     | Noticed a two-headed ogre
  7786 | D:10     | Killed a two-headed ogre
  7917 | Lair:1   | Entered Level 1 of the Lair of Beasts
  7985 | Lair:1   | Noticed a boulder beetle
  8004 | Lair:1   | Killed a boulder beetle
  8171 | Lair:1   | You fall into a shaft and drop 1 floor!
  8396 | Lair:1   | Reached XP level 12. HP: 94/94 MP: 11/11
  9044 | Lair:2   | Reached skill level 10 in Fighting
  9204 | Lair:2   | Found a hole to the Spider Nest.
  9807 | Lair:3   | Identified the +0 plate armour of Leapfrog {rC+ rN+ Dex-4
                  | Slay+4}
  9838 | Lair:3   | Found a staircase to the Swamp.
 10026 | Lair:3   | Noticed Fannar
 10032 | Lair:3   | Killed Fannar
 10234 | Lair:3   | Noticed Josephine
 10243 | Lair:3   | Noticed Rupert
 10244 | Lair:3   | Killed Josephine
 10261 | Lair:3   | Killed Rupert
 10262 | Lair:3   | Reached XP level 13. HP: 10/102 MP: 0/12
 10263 | Lair:3   | HP: 7/153 [poisoned by a black mamba]
 10268 | Lair:3   | HP: 4/102 [poisoned by a black mamba]
 10770 | Lair:4   | Found a frozen archway.
 10786 | IceCv    | Entered an ice cave
 11004 | IceCv    | Reached skill level 15 in Armour
 11292 | IceCv    | Reached skill level 10 in Dodging
 11301 | IceCv    | Reached skill level 15 in Polearms
 11351 | IceCv    | Identified the +5 dagger of Tushriall {protect, Str+5}
 12158 | Lair:4   | Found a staircase to the Slime Pits.
 12269 | Lair:5   | Entered Level 5 of the Lair of Beasts
 12311 | Lair:5   | Identified the +0 pair of gloves of Hedge Wizardry {*Slow
                  | Str+3 Int+4}
 12393 | Lair:5   | Reached XP level 14. HP: 112/112 MP: 13/13
 13568 | Lair:5   | Found a large runed translucent door.
 13569 | Lair:5   | Found a large runed translucent door.
 14135 | Swamp:1  | Entered Level 1 of the Swamp
 14186 | Spider:1 | Entered Level 1 of the Spider Nest
 14186 | Spider:1 | Found a runed translucent door.
 14301 | Spider:1 | Noticed qeuew's ghost (journeyman GrFi)
 14394 | Spider:1 | Killed qeuew's ghost
 14506 | Orc:1    | Entered Level 1 of the Orcish Mines
 14780 | Orc:2    | Entered Level 2 of the Orcish Mines
 14784 | Orc:2    | Found Weziacvunn's Antique Weapon Boutique.
 14805 | Orc:2    | Found a staircase to the Elven Halls.
 14848 | Orc:2    | Found Zereez's Book Emporium.
 14865 | Orc:2    | Noticed Nessos
 14866 | Orc:2    | Found Xaish's Antique Armour Shoppe.
 14919 | Orc:2    | Found a flickering gateway to a bazaar.
 14923 | Bazaar   | Entered a bazaar
 14923 | Bazaar   | Found Zini Nio's Armour Shoppe.
 14923 | Bazaar   | Found Maucaq's Weapon Shoppe.
 14923 | Bazaar   | Found Xacu's Weapon Emporium.
 14923 | Bazaar   | Found Zawanges's Antique Armour Shoppe.
 14979 | Bazaar   | Bought a distressingly furry leather armour for 126 gold
                  | pieces
 14979 | Bazaar   | Identified the +0 leather armour "Uttutz" {rElec rN+
                  | Slay+3} (You bought it in a shop in a bazaar)
 15010 | Orc:2    | Found Enunleny's General Store.
 15117 | Orc:2    | Noticed an orc warlord
 15126 | Orc:2    | Killed an orc warlord
 15127 | Orc:2    | Reached XP level 15. HP: 120/120 MP: 14/14
 15239 | Orc:2    | Bought a bloodstained plate armour for 812 gold pieces
 15239 | Orc:2    | Identified the +1 plate armour "Olopooto" {Will+ Dex+3}
                  | (You bought it in a shop on level 2 of the Orcish Mines)
 15314 | Orc:2    | Killed Nessos
 15922 | Swamp:1  | Noticed a thorn hunter
 15946 | Lair:3   | Killed a thorn hunter
 17094 | Swamp:2  | Noticed Frances
 17102 | Swamp:2  | Killed Frances
 17620 | Swamp:3  | Identified the ring of the Jackalope {Str-2 Slay+3 SInv
                  | Stlth+}
 18008 | Swamp:4  | Entered Level 4 of the Swamp
 18038 | Swamp:4  | Noticed a fenstrider witch
 18130 | Swamp:4  | Killed a fenstrider witch
 18303 | Swamp:4  | Noticed Roxanne
 18315 | Swamp:4  | Splashed by a goliath frog's acid

Illustrated notes

Levels and vault maps discovered:
D:1:      kennysheep_arrival_seaside, layout_basic, moated_statue
D:2:      layout_rooms, serial_shops, nicolae_shop_tiny_statue_garden
D:3:      wander_river, layout_loops_ring, mainiacjoe_overflow_cross_hatched,
          shapermc_ecumenical_altar_acropolis, uniq_natasha
D:4:      layout_rooms
D:5:      layout_gridville, amcnicky_altar_gilded
D:6:      layout_rooms, temple_statues
D:7:      layout_loops_cross, lemuel_doored_altar,
          chequers_temple_overflow_minitemple, kennysheep_windowed_goal,
          uniq_prince_ribbit1
D:8:      layout_basic, grunt_gozag_breadcrumbs, uniq_gastronok
D:9:      layout_irregular_city, nicolae_ru_path_of_blood, david_orc_3,
          uniq_pikel
D:10:     layout_irregular_city, lemuel_tele_altar, minmay_lair_entry_grove,
          gammafunk_ghost_hydra_chop, grunt_ministairs_3
Temple:   nicolae_temple_bog_church
Lair:1:   layout_cave_pods, serial_bayou_shore_a
Lair:2:   layout_regular_city, spider_nest_entry_rubble
Lair:3:   layout_chaotic_city, swamp_mist_pool, ldierk_geyser,
          nicolae_quartered_pool_medium, uniq_rupert, uniq_josephine,
          uniq_fannar
Lair:4:   layout_misc_corridors, dpeg_slime_entry_enclosed,
          portal_ice_cave_demonic_guard
Lair:5:   cheibrodos_lair_end_hotspot, layout_regular_city,
          infiniplex_staircase_pool
Swamp:1:  layout_basic_swamp, serial_swamp_ruin, evilmike_swamp_ruin_house_4,
          hangedman_swamp_ruin_wall
Swamp:2:  layout_basic_swamp, hangedman_swamp_ruin_hall, uniq_frances
Swamp:3:  nicolae_swamp_long_stream, layout_falls_marsh,
          nicolae_swamp_fairy_circle, swamp_pool1
Swamp:4:  swamp_icy, layout_basic_swamp, swamp_pool4, uniq_roxanne
Spider:1: layout_chambers, gammafunk_ghost_grave, uniq_agnes
Orc:1:    layout_caves, basic_altar
Orc:2:    grunt_orc_gardens, layout_caves, grunt_orc_garden, grunt_orc_garden,
          grunt_orc_garden, grunt_orc_garden, serial_shops, bzr_firewalk,
          uniq_nessos

Skill      XL: |  1  2  3  4  5  6  7  8  9 10 11 12 13 14 15 |
---------------+----------------------------------------------+-----
Armour         | 4 5 6 8 9 11 13 14 15 17 18 | 18.4
Axes           | 3 4 |  4.5
Polearms       | 1 2 3 4 5 7 8 10 12 13 15 16 18 | 18.0
Fighting       | 4 5 6 7 8 9 10 11 12 13 | 13.6
Dodging        | 1 2 3 4 5 6 8 9 10 11 12 | 12.1
Shields        | 4 5 |  5.2
Evocations     | 1 3 4 5 6 7 9 |  9.7

Action                     |  1- 3 |  4- 6 |  7- 9 | 10-12 | 13-15 || total
---------------------------+-------+-------+-------+-------+-------++-------
  Melee: War axe           |    68 |    95 |    18 |       |       ||   181
         Headbutt          |     8 |    21 |    39 |    87 |   196 ||   351
         Halberd           |       |       |   247 |   161 |       ||   408
         Glaive            |       |       |       |   339 |   960 ||  1299
 Invoke: Potion Petition   |       |       |       |       |     3 ||     3
  Evoke: Wand              |       |       |       |       |     3 ||     3
    Use: Scroll            |     4 |       |     6 |     4 |    21 ||    35
         Potion            |     2 |     2 |     4 |     4 |     5 ||    17
   Stab: Distracted        |       |       |       |     2 |     9 ||    11
 Armour: Scale mail        |    24 |    27 |   137 |   145 |       ||   333
         Plate armour      |       |       |       |    22 |   552 ||   574
  Dodge: Dodged            |    46 |    49 |   174 |   449 |   660 ||  1378
  Block: Buckler           |    13 |    11 |       |       |       ||    24
         Kite shield       |       |       |     2 |       |       ||     2

Table legend: (Time is in decaauts)
 A = Elapsed time spent in this place.
 B = Non-inter-level travel time spent in this place.
 C = Inter-level travel time spent in this place.
 D = Time resting spent in this place.
 E = Time spent auto-exploring this place.
 F = Levels seen in this place.
 G = Mean time per level.
                   A        B        C        D        E       F      G
               +--------+--------+--------+--------+--------+-----+--------+
         Total |  18410 |  17268 |   1142 |    215 |  13122 |  25 |  736.4 |
       Dungeon |   7929 |   7329 |    600 |     45 |   5793 |  10 |  792.9 |
        Temple |    169 |    155 |     14 |      0 |    145 |   1 |  169.0 |
          Lair |   5529 |   5173 |    356 |     74 |   4025 |   5 | 1105.8 |
         Swamp |   2347 |   2244 |    103 |     80 |   1683 |   4 |  586.8 |
   Spider Nest |    224 |    224 |      0 |      0 |    148 |   1 |  224.0 |
  Orcish Mines |   1217 |   1151 |     66 |     16 |    747 |   2 |  608.5 |
        Bazaar |     71 |     71 |      0 |      0 |     46 |   1 |   71.0 |
      Ice Cave |    920 |    920 |      0 |      0 |    535 |   1 |  920.0 |
               +--------+--------+--------+--------+--------+-----+--------+

Top non-repeatable levels by time:
  Lair:5: 1620 daAuts
  Lair:3: 1036 daAuts
     D:5: 1035 daAuts
  Lair:2: 1023 daAuts
  Lair:1: 1019 daAuts
    D:10: 970 daAuts
   IceCv: 920 daAuts
     D:3: 871 daAuts
     D:1: 862 daAuts
     D:7: 848 daAuts
  Lair:4: 829 daAuts
     D:9: 815 daAuts
 Swamp:1: 759 daAuts
 Swamp:3: 743 daAuts
   Orc:2: 742 daAuts
